 Dungeon Crawl Stone Soup version 0.31-a0-971-g75a2e9a4b4 (webtiles) character file.

Game seed: 3119448070336851192

87155 Pooter the Severer (level 15, 0/135 (139) HPs)
             Began as a Minotaur Berserker on Oct 27, 2023.
             Was a Priest of Trog.
             Slain by a fire giant
             ... wielding a +1 great sword of flaming
              (16 damage)
             ... on level 14 of the Dungeon on Oct 28, 2023.
             The game lasted 02:09:38 (27945 turns).

Pooter the Severer (Minotaur Berserker)            Turns: 27945, Time: 02:09:38

HP:   0/135 (139)   AC: 21    Str: 26    XL:     15   Next: 42%
MP:   14/14         EV:  8    Int:  6    God:    Trog [***...]
Gold: 363           SH:  0    Dex: 23    Spells: 14/14 levels left

rFire   . . .        a - +2 battleaxe (heavy)
rCold   . . .        (shield currently unavailable)
rNeg    + . .        I - +2 plate armour {rN+}
rPois   .            C - +2 hat {SInv}
rElec   .            (no cloak)
rCorr   .            Y - +2 pair of gloves {hurl}
SInv    +            q - +2 pair of boots "Bifoaz" {Drain Fly Regen+ Dex+6}
Will    ++...        j - amulet of Vitality {RegenMP++ Regen++} Stlth
                     P - +6 ring of dexterity
HPRegen 2.82/turn    F - ring of willpower
MPRegen 0.94/turn

%: no passive effects
@: flying, lightly drained
A: horns 2, retaliatory headbutt
a: Renounce Religion, Berserk, Trog's Hand


You were on level 14 of the Dungeon.
You worshipped Trog.
Trog was most pleased with you.
You visited 3 branches of the dungeon, and saw 21 of its levels.
You also visited: Bailey and Volcano.

You collected 2099 gold pieces.
You spent 1736 gold pieces at shops.

Inventory:

Hand Weapons
 a - a +2 heavy battleaxe (weapon)
   (Trog gifted it to you on level 4 of the Lair of Beasts)
 b - a +2 heavy arbalest
   (You took it off an orc warrior in a bailey)
 i - a +2 great mace of holy wrath
   (You took it off an orc warlord on level 1 of the Orcish Mines)
 n - a +5 antimagic executioner's axe
   (Trog gifted it to you on level 5 of the Lair of Beasts)
 B - the +4 flail "Wibrogich" {drain, rPois MP+9 Int+2}
   (You found it in a bailey)

   Int+2:     It affects your intelligence (+2).
   rPois:     It protects you from poison MP+9: It affects your magic capacity
   (+9).
 Z - the +2 broad axe "Garoozan" {drain, *Slow rF++ rCorr SInv}
   (You acquired it on level 3 of the Lair of Beasts)

   rF++:      It greatly protects you from fire.
   SInv:      It lets you see invisible.
   rCorr:     It protects you from acid and corrosion.
   *Slow:     It may slow you when you take damage.
Missiles
 s - 16 boomerangs (quivered)
 w - 27 poisoned darts
 D - 13 darts of dispersal {!f}
 H - 6 curare-tipped darts
Armour
 q - the +2 pair of boots "Bifoaz" (worn) {Drain Fly Regen+ Dex+6}
   (You acquired it in a bailey)

   Dex+6:     It affects your dexterity (+6).
   Fly:       It grants you flight.
   Regen+:    It increases your rate of health regeneration.
   Drain:     It drains your maximum health when unequipped.
 z - a +0 pair of boots of rampaging
   (You found it in a volcano)
 C - a +2 hat of see invisible (worn)
   (You bought it in a shop on level 9 of the Dungeon)
 I - a +2 plate armour of positive energy (worn)
   (You took it off an orc warrior on level 2 of the Orcish Mines)
 Y - a +2 pair of gloves of hurling (worn)
   (You bought it in a shop on level 9 of the Dungeon)
Jewellery
 j - the amulet of Vitality (around neck) {RegenMP++ Regen++}
   (You found it on level 13 of the Dungeon)

   [amulet of magic regeneration]

   RegenMP:   It increases your rate of magic regeneration.
   Regen++:   It increases your rate of health regeneration.
 F - a ring of willpower (right hand)
   (You found it on level 10 of the Dungeon)
 G - a ring of ice
   (You found it on level 9 of the Dungeon)
 P - a +6 ring of dexterity (left hand)
   (You found it on level 1 of the Lair of Beasts)
 S - a ring of see invisible
   (You found it on level 5 of the Dungeon)
 T - an amulet of the acrobat
   (You found it on level 2 of the Lair of Beasts)
Wands
 f - a wand of flame (23)
   (You found it on level 2 of the Lair of Beasts)
 p - a wand of light (4)
   (You found it in a volcano)
 r - a wand of roots (13)
   (You found it on level 3 of the Dungeon)
 u - a wand of paralysis (33)
   (You found it on level 4 of the Dungeon)
 J - a wand of polymorph (18)
   (You found it on level 7 of the Dungeon)
 Q - a wand of mindburst (5)
   (You bought it in a shop on level 12 of the Dungeon)
Scrolls
 c - 4 scrolls of noise {!r}
 d - 3 scrolls of silence
 g - 7 scrolls of immolation {!r}
 k - 5 scrolls of poison {!r}
 o - 4 scrolls of fog
 t - 14 scrolls of teleportation {@r4}
 v - 5 scrolls of vulnerability {!r}
 y - 4 scrolls of fear
 E - a scroll of butterflies
 U - 2 scrolls of blinking
 X - 3 scrolls of revelation
Potions
 e - 4 potions of attraction {!q}
 h - a potion of cancellation
 l - 9 potions of curing {@q1}
 m - 8 potions of heal wounds {@q2}
 K - 4 potions of might
 L - 2 potions of invisibility
 M - 2 potions of resistance
 O - 3 potions of haste {@q3}
 R - 3 potions of mutation {!q}
 V - 3 potions of enlightenment
 W - 2 potions of lignification {!q}
Miscellaneous
 x - a condenser vane
   (You found it on level 14 of the Dungeon)
 A - a phantom mirror
   (You found it on level 13 of the Dungeon)
 N - a box of beasts
   (You found it on level 14 of the Dungeon)


   Skills:
 + Level 14.8 Fighting
 * Level 18.9(19.5) Axes
 - Level 8.1(14.6) Maces & Flails
 - Level 18.0 Ranged Weapons
 - Level 2.4 Armour
 - Level 2.1 Dodging
 + Level 7.6 Evocations


You had 14 spell levels left.
You didn't know any spells.
Your spell library was empty.

Dungeon Overview and Level Annotations

Branches:
Dungeon (14/15) Zot: 25711  Temple (0/1) D:4            Lair (5/5) D:10 Zot: 22667
 Shoals (0/4) Lair:3        Snake (0/4) Lair:3        Slime (0/5) Lair:5
    Orc (2/2) D:10 Zot: 8109     Elf (0/3) Orc:2        Bailey (visited)
Volcano (visited)
 Vaults: D:13-14

Altars:
Ashenzari
Cheibriados
Dithmenos
Elyvilon
Hepliaklqana
Kikubaaqudgha
Okawaru
Qazlal
Ru
Trog
Wu Jian
Xom
Yredelemnul
Jiyva

Shops:
D:4 ?   D:9 [   D:11 =   D:12 *   Orc:1 (   Orc:2 !*(?

Annotations:
D:3 2 transporters
D:9 3 runed translucent doors, avis's ghost, novice FeAr


Innate Abilities, Weirdness & Mutations

You have a pair of horns on your head.
You reflexively headbutt those who attack you in melee.


Message History

You are no longer poisoned.
You start resting.
You start waiting.
You feel yourself speed up.
You start waiting.
You recover from your berserk rage.
Found a box of beasts.
Items here: ) [[ †.
Okay, then.
You see here a box of beasts.
You drop a ring of flight.
N - a box of beasts
There is an open door here.
There is an open door here.
You reach down and open the door.
There is an open door here.
You reach down and open the door.
There is an open door here.
You reach down and open the door.
There is an open door here.
A fire giant comes into view.
It is wielding a +1 great sword of flaming.
The fire giant shouts!
Found a glowing quarterstaff.
The fire giant hits you with a +1 great sword of flaming!
The fire giant burns you.
You hit the fire giant but do no damage.
You headbutt the fire giant!
The fire giant hits you with a +1 great sword of flaming!!
The fire giant burns you!
You slice the fire giant!!
You headbutt the fire giant, but do no damage.
The fire giant hits you with a +1 great sword of flaming!!
* * * LOW HITPOINT WARNING * * *
The fire giant burns you!
* * * LOW HITPOINT WARNING * * *
You are too injured to fight recklessly!
You are too injured to fight recklessly!
You barely miss the fire giant.
The fire giant hits you with a +1 great sword of flaming!!
* * * LOW HITPOINT WARNING * * *
The fire giant burns you!
* * * LOW HITPOINT WARNING * * *
You barely miss the fire giant.
The fire giant hits you with a +1 great sword of flaming!
* * * LOW HITPOINT WARNING * * *
The fire giant burns you.
* * * LOW HITPOINT WARNING * * *
You hit the fire giant.
The fire giant hits you with a +1 great sword of flaming!
You die...

#.#.....#.......##....
#.#.....'........###..
#.#...####...........#
#'##..'..###.......###
#).####....##.....##..
#....=#.....#.....#...
#....##...#.##...##...
#..###...## .#..(#....
####C@.### #...#....
#)...........#...#....
###############.######
#...............# ?..
#.......#......###.##
##.......##.†........#
#.......###....#......
##........###..........
#..#.....## #....#.....


You could see a fire giant.

Vanquished Creatures
  Jorgrun (Orc:1)
  A sphinx (D:14)
  A tengu reaver (D:14)
  2 orc warlords
  A vampire knight (D:14)
  A deep elf annihilator (D:14)
  Josephine (D:14)
  The ghost of lessens the Nimble, a journeyman GnGl of Trog (Orc:2)
  3 hydras (Lair:5)
  An ogre mage (D:14)
  5 catoblepae
  3 centaur warriors (D:14)
  2 two-headed ogres
  A tengu warrior (D:13)
  4 boulder beetles
  10 death yaks (Lair:5)
  3 orc high priests (Orc:2)
  A deep elf knight (D:14)
  Sonja (Orc:1)
  A deep troll (D:14)
  A steelbarb worm (shapeshifter) (D:14)
  6 orc knights
  A harpy (Lair:3)
  A necromancer (D:14)
  A deep elf archer (D:14)
  3 ugly things (D:13)
  7 orc sorcerers (Orc:2)
  5 manticores
  2 cyclopes
  5 elephants
  3 black mambas
  A torpor snail (Lair:3)
  4 gargoyles
  10 cane toads
  An unseen horror (D:13)
  2 rime drakes
  A freezing wraith (D:14)
  Psyche (D:11)
  2 efreet
  8 komodo dragons
  5 trolls
  5 dream sheep (Lair:5)
  16 blink frogs
  A snapping turtle (shapeshifter) (D:14)
  11 slime creatures
  3 vampires
  70 yaks
  2 shadows
  4 wyverns
  10 wraiths
  2 fire elementals (Volcano)
  A steam dragon (D:7)
  8 vampire mosquitoes
  4 basilisks
  Menkaure (D:4)
  4 nagas (Lair:3)
  3 acid dragons
  2 wargs (Orc:1)
  25 water moccasins
  Duvessa (D:6)
  4 ice beasts
  41 orc warriors
  7 ogres
  25 wolves
  4 centaurs
  A phantom (D:3)
  4 kobold brigands
  2 gnoll sergeants (D:7)
  9 bullfrogs
  5 scorpions
  5 wights (D:10)
  Dowan (D:6)
  5 killer bees (D:9)
  A howler monkey (D:12)
  7 electric eels
  5 lava snakes (Lair:5)
  3 jellies
  4 hounds
  17 orc priests
  A gnoll bouda (D:7)
  A sleepcap (D:5)
  2 iguanas
  17 orc wizards
  5 adders
  22 gnolls
  2 shadow imps
  A white imp (D:8)
  2 ufetubi (D:6)
  A worm (D:4)
  8 dart slugs
  100 orcs
  10 ball pythons
  7 endoplasms
  2 giant cockroaches
  9 goblins
  5 hobgoblins
  4 jackals (D:4)
  20 kobolds
  4 quokkas
  5 bats
  3 frilled lizards
  7 rats
  A spectral orc (D:5)
676 creatures vanquished.

Vanquished Creatures (collateral kills)
  5 blink frogs (Lair:3)
  A yak (Lair:3)
  A water moccasin (Lair:3)
7 creatures vanquished.

Grand Total: 683 creatures vanquished

Notes
Turn   | Place    | Note
-------+----------+-------------------------------------------
     0 | D:1      | Pooter the Minotaur Berserker began the quest for the Orb.
     0 | D:1      | Reached XP level 1. HP: 19/19 MP: 0/0
    84 | D:1      | Reached XP level 2. HP: 27/27 MP: 1/1
   253 | D:1      | Reached skill level 1 in Ranged Weapons
   531 | D:2      | Reached XP level 3. HP: 33/33 MP: 2/2
   532 | D:2      | Found a faded altar of an unknown god.
   809 | D:2      | Found a shimmering altar of Xom.
  1118 | D:2      | You fall into a shaft and drop 1 floor!
  1130 | D:3      | Found a transporter.
  1135 | D:3      | Reached ** piety under Trog
  1160 | D:3      | Found a transporter.
  1311 | D:2      | Reached XP level 4. HP: 20/40 MP: 3/3
  1814 | D:3      | Reached skill level 5 in Axes
  2019 | D:3      | Noticed a phantom
  2034 | D:3      | Killed a phantom
  2035 | D:3      | Reached XP level 5. HP: 47/47 MP: 4/4
  2350 | D:4      | Found a staircase to the Ecumenical Temple.
  2427 | D:4      | Found Soudiu's Magic Scroll Shop.
  2485 | D:4      | Bought a scroll of identify for 22 gold pieces
  2485 | D:4      | Bought a scroll of identify for 22 gold pieces
  2485 | D:4      | Bought a scroll of identify for 22 gold pieces
  2544 | D:4      | Noticed Menkaure
  2560 | D:4      | Killed Menkaure
  2561 | D:4      | Reached skill level 5 in Fighting
  2561 | D:4      | Reached XP level 6. HP: 56/56 MP: 5/5
  2759 | D:4      | Found an ornate altar of the Wu Jian Council.
  3021 | D:4      | Found a stormy altar of Qazlal.
  3181 | D:5      | Entered Level 5 of the Dungeon
  3190 | D:5      | Reached *** piety under Trog
  3191 | D:5      | Reached XP level 7. HP: 56/61 MP: 6/6
  3240 | D:5      | Reached skill level 5 in Ranged Weapons
  3505 | D:5      | Found a broken altar of Ashenzari.
  3506 | D:5      | Found a bloodstained altar of Trog.
  3508 | D:5      | Found an ancient bone altar of Kikubaaqudgha.
  3511 | D:5      | Found a snail-covered altar of Cheibriados.
  3512 | D:5      | Found an iron altar of Okawaru.
  3599 | D:5      | Found a shadowy altar of Dithmenos.
  4143 | D:5      | Found a basalt altar of Yredelemnul.
  4673 | D:6      | Upgraded the game from 0.31-a0-965-g8a8ce12e04 to
                  | 0.31-a0-968-g24f9ace8b5
  4693 | D:6      | Noticed Duvessa
  4693 | D:6      | Noticed Dowan
  4701 | D:6      | Killed Duvessa
  4702 | D:6      | Reached XP level 8. HP: 70/70 MP: 7/7
  4710 | D:6      | Killed Dowan
  5347 | D:6      | Reached **** piety under Trog
  5926 | D:6      | Found a hazy altar of Hepliaklqana.
  6074 | D:7      | Reached XP level 9. HP: 79/79 MP: 8/8
  6442 | D:7      | Reached skill level 10 in Axes
  7261 | D:8      | Found a flagged portal.
  7274 | Bailey   | Entered a bailey
  8368 | Bailey   | Identified the +4 flail "Wibrogich" {drain, rPois MP+9
                  | Int+2}
  8371 | Bailey   | Noticed an orc knight
  8381 | Bailey   | Killed an orc knight
  8483 | Bailey   | Acquired the +2 pair of boots "Bifoaz" {Drain Fly Regen+
                  | Dex+6}
  8645 | D:7      | Reached XP level 10. HP: 89/90 MP: 9/9
  8676 | D:7      | Reached skill level 10 in Ranged Weapons
  8967 | D:8      | Found a sacrificial altar of Ru.
  9084 | D:8      | Found a white marble altar of Elyvilon.
  9940 | D:9      | Found a runed translucent gate.
  9940 | D:9      | Found a runed translucent gate.
  9940 | D:9      | Found a runed translucent gate.
  9965 | D:9      | Noticed avis's ghost (novice FeAr)
 10031 | D:9      | Found Dazigom's Antique Armour Shoppe.
 10035 | D:9      | Bought an embroidered hat for 189 gold pieces
 10562 | D:10     | Entered Level 10 of the Dungeon
 11192 | D:10     | Found a staircase to the Lair.
 11489 | D:10     | Paralysed by a vampire for 4 turns
 11601 | D:9      | Bought a pair of runed gloves for 202 gold pieces
 11739 | D:10     | Reached XP level 11. HP: 99/99 MP: 10/10
 11952 | D:10     | Reached skill level 10 in Fighting
 12092 | D:10     | Found a staircase to the Orcish Mines.
 12239 | D:10     | Reached ***** piety under Trog
 12312 | Lair:5   | Identified the "Vefre"
 12312 | Orc:1    | Entered Level 1 of the Orcish Mines
 12312 | Orc:1    | Noticed Sonja
 12312 | Orc:1    | Noticed Jorgrun
 12328 | Orc:1    | HP: 3/99 [Jorgrun/+0 heavy quarterstaff (7)]
 12331 | Orc:1    | Killed Jorgrun
 12409 | Orc:1    | Killed Sonja
 12434 | Orc:2    | Entered Level 2 of the Orcish Mines
 12434 | Orc:2    | Noticed an orc warlord
 12434 | Orc:2    | Noticed an orc sorcerer
 12496 | Lair:1   | Entered Level 1 of the Lair of Beasts
 12811 | Lair:1   | Reached skill level 15 in Axes
 13032 | Lair:1   | Reached XP level 12. HP: 108/110 MP: 11/11
 13857 | Lair:2   | Reached skill level 1 in Evocations
 14753 | Lair:3   | Reached skill level 1 in Maces & Flails
 15232 | Lair:3   | Found a staircase to the Snake Pit.
 15293 | Lair:3   | Acquired the +2 broad axe "Garoozan" {drain, *Slow rF++
                  | rCorr SInv}
 15380 | Lair:3   | Reached XP level 13. HP: 104/118 MP: 12/12
 15583 | Lair:3   | Found a staircase to the Shoals.
 15973 | Lair:4   | Identified the +0 pair of boots of the Poles {Int+3}
 16098 | Lair:4   | Found a dark tunnel.
 16104 | Volcano  | Entered a volcano
 16116 | Volcano  | Reached skill level 15 in Ranged Weapons
 16550 | Lair:4   | Received a gift from Trog
 17025 | Lair:5   | Entered Level 5 of the Lair of Beasts
 17208 | Lair:5   | Reached skill level 5 in Maces & Flails
 19067 | Lair:5   | Reached skill level 5 in Evocations
 19149 | Lair:5   | Found a staircase to the Slime Pits.
 19150 | Lair:5   | Found a viscous altar of Jiyva.
 19544 | Lair:5   | Reached XP level 14. HP: 129/129 MP: 13/13
 19546 | Lair:5   | Received a gift from Trog
 20247 | Orc:1    | Killed an orc warlord
 20443 | Orc:1    | Found Cyoleumu's Antique Weapon Emporium.
 20893 | Orc:2    | Found a staircase to the Elven Halls.
 20913 | Orc:2    | Found a runed translucent door.
 20933 | Orc:2    | Noticed lessens's ghost (journeyman GnGl)
 20949 | Orc:2    | Killed lessens's ghost
 21489 | Orc:2    | Received a gift from Trog
 21841 | Orc:2    | Noticed an orc warlord
 21844 | Orc:2    | Killed an orc warlord
 23391 | Orc:2    | Found Laepte's Assorted Antiques.
 23391 | Orc:2    | Found Locomuci's Distillery.
 23393 | Orc:2    | Found Hydufu's Magic Scroll Boutique.
 23393 | Orc:2    | Found Qatanuhi's Weapon Boutique.
 23413 | Orc:2    | Bought a fizzy golden potion for 31 gold pieces
 23413 | Orc:2    | Bought a fizzy coppery potion for 31 gold pieces
 23413 | Orc:2    | Bought a scroll of identify for 70 gold pieces
 23413 | Orc:2    | Bought a scroll of identify for 70 gold pieces
 23518 | Orc:2    | Bought a scroll of enchant weapon for 97 gold pieces
 23518 | Orc:2    | Bought a scroll of enchant weapon for 97 gold pieces
 23518 | Orc:2    | Bought a scroll of identify for 26 gold pieces
 23532 | Orc:2    | Bought a potion of mutation for 128 gold pieces
 23532 | Orc:2    | Bought a potion of might for 64 gold pieces
 23532 | Orc:2    | Bought a potion of invisibility for 128 gold pieces
 23532 | Orc:2    | Bought a potion of might for 64 gold pieces
 23532 | Orc:2    | Bought a potion of heal wounds for 80 gold pieces
 23532 | Orc:2    | Bought a potion of curing for 48 gold pieces
 23532 | Orc:2    | Bought 2 potions of curing for 96 gold pieces
 23885 | D:11     | Noticed Psyche
 23889 | D:11     | Killed Psyche
 24155 | D:11     | Found Huoch's Jewellery Shop.
 25182 | D:12     | Found Oqonof's Demolitions Depot.
 25187 | D:12     | Bought a wand of roots (4) for 144 gold pieces
 25187 | D:12     | Bought a wand of mindburst (5) for 105 gold pieces
 25431 | D:12     | Received a gift from Trog
 25860 | D:13     | Reached XP level 15. HP: 138/138 MP: 14/14
 25880 | D:13     | Found the amulet of Vitality {RegenMP++ Regen++}
 26702 | D:13     | Upgraded the game from 0.31-a0-968-g24f9ace8b5 to
                  | 0.31-a0-971-g75a2e9a4b4
 26765 | D:14     | Noticed Josephine
 26776 | D:14     | Killed Josephine
 27787 | D:14     | Noticed a sphinx
 27792 | D:14     | Killed a sphinx
 27844 | D:14     | Noticed a tengu reaver
 27854 | D:14     | Killed a tengu reaver
 27938 | D:14     | Noticed a fire giant
 27945 | D:14     | Slain by a fire giant

Illustrated notes

Levels and vault maps discovered:
D:1:      dpeg_arrival_tiny_g, layout_rooms
D:2:      layout_loops_corners, basic_ecumenical_altar, basic_altar,
          chequers_hall_statues_wall_a
D:3:      gammafunk_wand_slinger, layout_rooms, hex_tiny
D:4:      layout_gridville, grunt_qazlal_clouds,
          mainiacjoe_overflow_concentric_impassable, minmay_temple_entry_hall,
          serial_shops, shop, uniq_menkaure
D:5:      layout_layer_cave, yredelemnul_forgotten_temple_becter,
          grunt_temple_overflow_open, grunt_dithmenos_smoke_and_mirrors,
          hex_medium, minmay_misc_feat_room
D:6:      layout_gridville, mainiacjoe_overflow_alcove_2,
          minmay_unpleasant_kobolds, uniq_duvessa
D:7:      cheibrodos_quashed, layout_basic, water_maze_lemuel
D:8:      layout_loops_corners, mainiacjoe_overflow_catwalk,
          nicolae_elyvilon_peaceful_grove, enter_bailey_5
D:9:      layout_loops_cross, gammafunk_ghost_icy, serial_shops, kennysheep_mini
D:10:     layout_loops_corners, hellmonk_lair_entry_icy, orc_david_3,
          serial_rivers, chequers_serial_rivers_micro_d,
          chequers_serial_rivers_micro_b, chequers_serial_rivers_large_a,
          chequers_serial_rivers_micro_c, chequers_serial_rivers_marsh
D:11:     layout_roguey [special_room_orc], serial_shops, shop, uniq_psyche
D:12:     layout_loops_ring, nicolae_blasting_shop
D:13:     layout_basic, grunt_decor_arrowhead
D:14:     minmay_box_of_curves, layout_cave_pools,
          hellmonk_vaults_attempted_burglary, kennysheep_flooded_box,
          nzn_wu_jian_council_hall, uniq_josephine
Lair:1:   layout_layer_cave
Lair:2:   layout_chaotic_city
Lair:3:   layout_chaotic_city, nicolae_shoals_entry_roost,
          minmay_snake_entry_guardpost_large, beast_lair_carwin_3,
          grunt_megastairs_2
Lair:4:   layout_regular_city, nicolae_volcano_entry_s_turn, grunt_megastairs_3
Lair:5:   evilmike_catoblepas_cave, layout_layer_cave, slime_entry_1,
          nicolae_lair_liquid_snakes, grunt_megastairs_5
Orc:1:    layout_diamond_mine, serial_shops, shop, uniq_sonja, uniq_jorgrun
Orc:2:    st_orc_elflike, layout_caves, ebering_ghost_inner_flame,
          minmay_orc_barracks

Skill      XL: |  1  2  3  4  5  6  7  8  9 10 11 12 13 14 15 |
---------------+----------------------------------------------+-----
Axes           | 4 5 6 8 9 11 13 15 16 17 18 | 18.9
Ranged Weapons | 1 2 3 4 6 7 9 11 13 14 16 17 18 | 18.0
Fighting       | 4 5 6 7 8 9 11 12 13 14 | 14.8
Evocations     | 3 5 6 7 |  7.6
Maces & Flails | 3 6 8 |  8.1
Armour         | |  2.4
Dodging        | |  2.1

Action                     |  1- 3 |  4- 6 |  7- 9 | 10-12 | 13-15 || total
---------------------------+-------+-------+-------+-------+-------++-------
  Melee: Hand axe          |     4 |       |    45 |   205 |       ||   254
         War axe           |    31 |    57 |   170 |       |       ||   258
         Headbutt          |     3 |    12 |    34 |    57 |    83 ||   189
         Punch             |       |       |       |     6 |     4 ||    10
         Flail             |       |       |       |   112 |    43 ||   155
         Broad axe         |       |       |       |    14 |   115 ||   129
         Battleaxe         |       |       |       |       |   196 ||   196
         Great mace        |       |       |       |       |     1 ||     1
   Fire: Sling             |    87 |    51 |    81 |       |       ||   219
         Arbalest          |       |       |    27 |   131 |   256 ||   414
  Throw: Dart              |       |    10 |    15 |       |       ||    25
 Invoke: Berserk           |     2 |     2 |    13 |    10 |     8 ||    35
         Trog's Hand       |     1 |     3 |     7 |     9 |    11 ||    31
         Brothers in Arms  |       |       |       |     2 |       ||     2
  Evoke: Wand              |       |     1 |     1 |     3 |    16 ||    21
    Use: Scroll            |     5 |     6 |     8 |    11 |    12 ||    42
         Potion            |       |       |       |       |     2 ||     2
   Stab: Paralysed         |       |       |       |     3 |     1 ||     4
         Distracted        |       |       |       |     1 |       ||     1
 Armour: Animal skin       |    34 |    36 |    10 |       |       ||    80
         Skin              |       |       |    39 |       |       ||    39
         Chain mail        |       |       |    24 |       |     6 ||    30
         Plate armour      |       |       |   140 |   493 |   584 ||  1217
  Dodge: Dodged            |    49 |    36 |    89 |   160 |   191 ||   525
  Block: Buckler           |       |    10 |    15 |       |       ||    25
         Kite shield       |       |       |    13 |       |       ||    13

Table legend: (Time is in decaauts)
 A = Elapsed time spent in this place.
 B = Non-inter-level travel time spent in this place.
 C = Inter-level travel time spent in this place.
 D = Time resting spent in this place.
 E = Time spent auto-exploring this place.
 F = Levels seen in this place.
 G = Mean time per level.
                   A        B        C        D        E       F      G
               +--------+--------+--------+--------+--------+-----+--------+
         Total |  28701 |  27756 |    945 |   8552 |  14191 |  23 | 1247.9 |
       Dungeon |  15865 |  15259 |    606 |   3575 |   9062 |  14 | 1133.2 |
          Lair |   7332 |   7072 |    260 |   1613 |   4267 |   5 | 1466.4 |
  Orcish Mines |   3890 |   3812 |     78 |   2387 |    666 |   2 | 1945.0 |
        Bailey |   1363 |   1363 |      0 |    976 |    100 |   1 | 1363.0 |
       Volcano |    250 |    250 |      0 |      0 |     96 |   1 |  250.0 |
               +--------+--------+--------+--------+--------+-----+--------+

Top non-repeatable levels by time:
   Orc:2: 3220 daAuts
  Lair:5: 2900 daAuts
    D:10: 2041 daAuts
     D:5: 1511 daAuts
     D:7: 1451 daAuts
  Bailey: 1363 daAuts
     D:6: 1337 daAuts
    D:14: 1287 daAuts
  Lair:1: 1223 daAuts
  Lair:3: 1173 daAuts
    D:13: 1150 daAuts
  Lair:4: 1118 daAuts
    D:11: 1039 daAuts
     D:2: 1024 daAuts
     D:8: 1023 daAuts
